 Dungeon Crawl Stone Soup version 0.21.0 (webtiles) character file.

11629 Gorglomux the Thaumaturge (level 11, -4/68 HPs)
             Began as a Mummy Necromancer on Jan 7, 2018.
             Was an Elder of Sif Muna.
             Killed by divine providence
             ... invoked by an orc priest
              (11 damage)
             ... on level 11 of the Dungeon.
             The game lasted 00:33:39 (13071 turns).

Gorglomux the Thaumaturge (Mummy Necromancer)      Turns: 13071, Time: 00:33:39

Health: -4/68      AC: 17    Str: 16    XL:     11   Next: 51%
Magic:  14/35      EV: 10    Int: 18    God:    Sif Muna [****..]
Gold:   52         SH:  4    Dex: 12    Spells: 19/33 levels left

rFire    + . .     SeeInvis .   a - +9 staff of Olgreb {rPois}
rCold    + . .     Gourm    .   Z - +0 buckler
rNeg     + + +     Faith    +   P - +6 ring mail of Iffifexa {Str+4 Slay+3 Stlth+}
rPois    ∞         Spirit   .   l - +0 helmet
rElec    .         Reflect  .   i - +1 cloak
rCorr    .         Harm     .   (no gloves)
MR       +....                  U - +2 pair of boots of Sorcery {+Inv rF++ Stlth+}
Stlth    +++.......             W - amulet of faith
HPRegen  0.21/turn              L - ring of wizardry
MPRegen  0.24/turn              V - ring of magical power

@: radiating poison, divine energy
A: no food or potions, fire vulnerability, cold resistance 1, negative energy
resistance 3, torment resistance, unbreathing
a: Stop Divine Energy, Channel Magic, Forget Spell, Renounce Religion, Evoke
Invisibility


You were on level 11 of the Dungeon.
You worshipped Sif Muna.
Sif Muna was greatly pleased with you.
You were not hungry.

You visited 1 branch of the dungeon, and saw 11 of its levels.
You also visited: Labyrinth.

You collected 509 gold pieces.
You spent 457 gold pieces at shops.

Inventory:

Hand Weapons
 a - the +9 staff of Olgreb (weapon) {rPois}
   (You found it on level 8 of the Dungeon)

   It protects you from poison.
 b - a +3 dagger of electrocution
Armour
 i - a +1 cloak (worn)
 l - a +0 helmet (worn)
 P - the +6 ring mail of Iffifexa (worn) {Str+4 Slay+3 Stlth+}
   (You found it in a labyrinth)

   It affects your strength (+4).
   It affects your accuracy and damage with ranged weapons and melee attacks
   (+3).
   It makes you more stealthy.
 Q - a +0 robe of magic resistance
 U - the +2 pair of boots of Sorcery (worn) {+Inv rF++ Stlth+}
   (You found it on level 5 of the Dungeon)

   It greatly protects you from fire.
   It lets you turn invisible.
   It makes you more stealthy.
 Z - a +0 buckler (worn)
Magical Staves
 w - an uncursed staff of wizardry
 O - an uncursed staff of energy
Jewellery
 q - a +3 ring of dexterity
 L - a ring of wizardry (left hand)
 V - a ring of magical power (right hand)
 W - an amulet of faith (around neck)
Wands
 A - a wand of acid (6)
 D - a wand of digging (19)
 I - a wand of iceblast (11)
Scrolls
 j - 2 scrolls of fog
 p - 9 scrolls of amnesia
 B - 2 scrolls of blinking
 J - a scroll of fear
 K - a scroll of brand weapon {unknown}
 M - 3 scrolls of magic mapping
 R - 7 scrolls of identify
 T - 7 scrolls of teleportation
 Y - 3 scrolls of remove curse
Books
 S - a book of Necromancy

   Spells                             Type                      Level
   a - Pain                           Necromancy                   1
   b - Animate Skeleton               Necromancy                   1
   c - Vampiric Draining              Necromancy                   3
   d - Regeneration                   Charms/Necromancy            3
   e - Animate Dead                   Necromancy                   4
   f - Borgnjor's Vile Clutch         Necromancy/Earth             5
 X - Sif Muna's Papyrus of Damaging Aid {god gift}
   (Sif Muna gifted it to you on level 8 of the Dungeon)

   Spells                             Type                      Level
   a - Flame Tongue                   Conjuration/Fire             1
   b - Spectral Weapon                Hexes/Charms                 3
   c - Bolt of Cold                   Conjuration/Ice              6
   d - Spellforged Servitor           Conjuration/Summoning        7
Miscellaneous
 N - a fan of gales


   Skills:
 - Level 1.5 Dodging
 - Level 1.5 Stealth
 + Level 3.3 Shields
 - Level 11.6 Spellcasting
 - Level 10.4 Necromancy
 - Level 7.4 Earth Magic
 - Level 0.8 Invocations
 - Level 6.1 Evocations


You had 19 spell levels left.
You knew the following spells:

 Your Spells              Type           Power        Failure   Level  Hunger
a - Pain                  Necr           ####         1%          1    N/A
b - Animate Skeleton      Necr           N/A          1%          1    N/A
c - Borgnjor's Vile Clut  Necr/Erth      #####.....   4%          5    N/A
v - Vampiric Draining     Necr           #####.....   1%          3    N/A
E - Animate Dead          Necr           N/A          1%          4    N/A

Dungeon Overview and Level Annotations

Branches:
Dungeon (11/15)            Temple (0/1) D:5            Lair (0/6) D:10
    Orc (0/2) D:11

Altars:
Cheibriados
Dithmenos
Elyvilon
Gozag
Hepliaklqana
Okawaru
Ru
Sif Muna
Trog
Uskayaw
Vehumet
Wu Jian
Yredelemnul
Zin

Shops:
D:9 ?   D:10 *[%

Annotations:
D:4 Aviak's ghost, amateur BaWz
D:8 1 runed door


Innate Abilities, Weirdness & Mutations

You do not eat or drink.
Your flesh is vulnerable to fire.
You are immune to poison.
Your flesh is cold resistant. (rC+)
You are immune to negative energy. (rN+++)
You are immune to unholy pain and torment.
You can survive without breathing.


Message History

The butt hands lose their grip on something!
Casting: Borgnjor's Vile Clutch
Confirm with ! or Enter, or press ? or * to list all spells!
You call on the dead to rise!!!
Nothing appears to happen!
The orc warrior hits you with a dire flail!!! * * * don't die
* * * You closely miss the orc warrior!
The orc butt is moderately wounded!
You block the orc warrior's attack!
You begin to radiate toxic energy!
The orc is poisoned!
The orc warrior is poisoned!
The orc warrior closely misses you!
The crimson imp blinks!!!
Unknown command!
Press: ? - help, v - describe, ! - travel
Here: an orc warrior, wielding a dire flail and wearing a chain mail (heavily wounded, poisoned)
The floor!
The orc priest is poisoned!
The orc warrior is poisoned!
The orc priest invokes the aid of Beogh against you!
Beogh smites you!!! rip

########## #.<....%.#
#........# #........#
#########.......@####
.....%...........oo§#
##############...##.#
§§...§§§§....#..o##.#####
############.####...5...#
.........§§§§## #o.o.)..#
############### #...§§§.#
.############## #..o§§§.#
.. ......O§§§.#


You could see 2 orc warriors, an orc priest and an orc.

Vanquished Creatures
  A minotaur (Lab)
  A hydra (D:8)
  A centaur warrior (D:8)
  2 two-headed ogres (D:10)
  A gargoyle (D:10)
  A komodo dragon (D:10)
  A slime creature (D:8)
  3 wyverns
  A spriggan (D:7)
  3 yaks (D:9)
  A hungry ghost (D:7)
  3 soldier ants (D:8)
  4 water moccasins
  A hornet zombie (D:8)
  3 orc warriors
  4 sky beasts
  3 ice beasts
  2 black bears
  2 phantoms
  7 ogres
  5 centaurs
  A big kobold (D:10)
  A bullfrog (D:4)
  A wyvern zombie (D:8)
  15 killer bees
  8 scorpions
  2 electric eels (D:8)
  A howler monkey (D:5)
  8 wights (D:9)
  A bullfrog zombie (D:11)
  2 crimson imps (D:8)
  2 quasits
  A bullfrog skeleton (D:8)
  5 hounds
  12 orc wizards
  A centaur skeleton (D:8)
  An iguana (D:9)
  8 worker ants
  A hound zombie (D:10)
  A hound skeleton (D:5)
  2 worker ant zombies
  A howler monkey skeleton (D:11)
  6 gnolls
  19 adders
  A shadow imp (D:10)
  An ooze (D:1)
  3 worms
  3 dart slugs
  7 leopard geckos
  26 orcs
  10 giant cockroaches
  6 goblins
  7 hobgoblins
  4 jackals (D:1)
  6 quokkas
  3 ball pythons
  9 bats
  4 frilled lizards
  13 kobolds
  A quokka skeleton (D:6)
  3 rats
  A plant (D:10)
258 creatures vanquished.

Vanquished Creatures (collateral kills)
  An ice beast (D:8)
  An ogre (D:6)
  A wight (D:9)
  A crimson imp (D:5)
  2 bullfrog skeletons
  An orc (D:6)
  A goblin (D:2)
8 creatures vanquished.

Vanquished Creatures (others)
  A wizard (D:6)
  16 toadstools (D:4)
17 creatures vanquished.

Grand Total: 283 creatures vanquished

Notes
Turn   | Place    | Note
-------+----------+-------------------------------------------
     0 | D:1      | Gorglomux the Mummy Necromancer began the quest for the Orb.
     0 | D:1      | Reached XP level 1. HP: 13/13 MP: 4/4
    52 | D:1      | Reached skill level 3 in Spellcasting
   171 | D:1      | Learned a level 1 spell: Animate Skeleton
   192 | D:1      | Reached XP level 2. HP: 18/19 MP: 1/6
  1192 | D:1      | Reached XP level 3. HP: 24/24 MP: 5/8
  1266 | D:1      | Learned a level 3 spell: Vampiric Draining
  1321 | D:2      | Found a faded altar of an unknown god.
  1413 | D:2      | Reached skill level 4 in Spellcasting
  1629 | D:2      | Reached XP level 4. HP: 30/30 MP: 3/10
  1925 | D:2      | Found a white marble altar of Elyvilon.
  1926 | D:2      | Found a glowing silver altar of Zin.
  2591 | D:3      | Found a deep blue altar of Sif Muna.
  2637 | D:3      | Found a sacrificial altar of Ru.
  2842 | D:3      | Became a worshipper of Sif Muna the Loreminder
  3116 | D:3      | Reached XP level 5. HP: 35/35 MP: 9/12
  3158 | D:3      | Learned a level 5 spell: Borgnjor's Vile Clutch
  3283 | D:3      | Reached skill level 5 in Spellcasting
  3654 | D:4      | Noticed an ogre
  3659 | D:4      | Killed an ogre
  3659 | D:4      | Reached skill level 1 in Earth Magic
  3727 | D:4      | Noticed a phantom
  3827 | D:4      | Reached XP level 6. HP: 37/41 MP: 5/14
  3893 | D:4      | Reached * piety under Sif Muna
  3893 | D:4      | Reached skill level 6 in Necromancy
  3976 | D:4      | Noticed Aviak's ghost (amateur BaWz)
  4469 | D:4      | Reached skill level 6 in Spellcasting
  4736 | D:5      | Entered Level 5 of the Dungeon
  4741 | D:5      | Reached XP level 7. HP: 39/46 MP: 8/16
  4871 | D:5      | Found an opulent altar of Gozag.
  4876 | D:5      | Got a pair of smoking boots
  4906 | D:5      | Reached skill level 3 in Earth Magic
  4917 | D:5      | Identified the +2 pair of boots of Sorcery {+Inv rF++ Stlth+} (You found it on level 5 of the Dungeon)
  5074 | D:5      | Reached ** piety under Sif Muna
  5074 | D:5      | Reached skill level 7 in Spellcasting
  5423 | D:5      | Learned a level 4 spell: Animate Dead
  5530 | D:5      | Reached XP level 8. HP: 51/52 MP: 18/19
  5661 | D:5      | Found a staircase to the Ecumenical Temple.
  5686 | D:5      | Found an opulent altar of Gozag.
  6462 | D:6      | Reached skill level 8 in Spellcasting
  6778 | D:6      | Found a bloodstained altar of Trog.
  6900 | D:6      | Noticed a wizard
  6905 | D:6      | Killed a wizard
  6905 | D:6      | Reached *** piety under Sif Muna
  7097 | D:6      | Found a basalt altar of Yredelemnul.
  7368 | D:7      | Reached skill level 9 in Spellcasting
  7368 | D:7      | Reached XP level 9. HP: 57/57 MP: 22/22
  7499 | D:7      | Found an iron altar of Okawaru.
  7878 | D:8      | Found a radiant altar of Vehumet.
  7994 | D:8      | Found an ornate altar of the Wu Jian Council.
  8033 | D:8      | Found a bloodstained altar of Trog.
  8093 | D:8      | Reached **** piety under Sif Muna
  8281 | D:8      | Reached skill level 9 in Necromancy
  8305 | D:8      | Reached skill level 10 in Spellcasting
  8434 | D:8      | Noticed a seven-headed hydra
  8439 | D:8      | Reached skill level 6 in Earth Magic
  8450 | D:8      | Killed a seven-headed hydra
  8450 | D:8      | Reached XP level 10. HP: 56/63 MP: 11/24
  8982 | D:8      | Found a runed gate.
  8984 | D:8      | Found a runed door.
  8989 | D:8      | Found a runed door.
  8991 | D:8      | Found the +9 staff of Olgreb {rPois}
  9009 | D:8      | Found a runed gate.
  9020 | D:8      | Found a runed gate.
  9069 | D:8      | Reached skill level 11 in Spellcasting
  9225 | D:8      | Reached ***** piety under Sif Muna
  9431 | D:8      | Found a hazy altar of Hepliaklqana.
  9590 | D:8      | Identified Sif Muna's Papyrus of Damaging Aid {god gift} (Sif Muna gifted it to you on level 8 of the Dungeon)
  9590 | D:8      | Received a gift from Sif Muna
  9826 | D:8      | Noticed a centaur warrior
  9838 | D:8      | Killed a centaur warrior
 10487 | D:9      | Reached skill level 1 in Evocations
 10502 | D:9      | Found a shadowy altar of Dithmenos.
 10752 | D:9      | Found a snail-covered altar of Cheibriados.
 10813 | D:9      | Found a hide-covered altar of Uskayaw.
 10862 | D:9      | Found Collep's Magic Scroll Emporium.
 10870 | D:9      | Bought a scroll of identify for 24 gold pieces
 10870 | D:9      | Bought a scroll of teleportation for 36 gold pieces
 10870 | D:9      | Bought a scroll of teleportation for 36 gold pieces
 10870 | D:9      | Bought a scroll of identify for 24 gold pieces
 10870 | D:9      | Bought a scroll of identify for 24 gold pieces
 10870 | D:9      | Bought a scroll of noise for 12 gold pieces
 10870 | D:9      | Bought a scroll of teleportation for 36 gold pieces
 10870 | D:9      | Bought a scroll of teleportation for 36 gold pieces
 10870 | D:9      | Bought a scroll of magic mapping for 42 gold pieces
 10882 | D:9      | Reached skill level 3 in Evocations
 11001 | D:9      | Reached XP level 11. HP: 63/68 MP: 15/26
 11231 | D:9      | Found a basalt altar of Yredelemnul.
 11550 | D:10     | Entered Level 10 of the Dungeon
 11703 | D:10     | Noticed a two-headed ogre
 11712 | D:10     | Killed a two-headed ogre
 11819 | D:10     | Found Iwuig's Food Boutique.
 11872 | D:10     | Found Womyh's Armour Shop.
 11946 | D:10     | Found Jeppoiz's Assorted Antiques.
 11949 | D:10     | Bought a scroll of blinking for 187 gold pieces
 12134 | D:10     | Noticed a two-headed ogre
 12140 | D:10     | Killed a two-headed ogre
 12140 | D:10     | Reached skill level 6 in Evocations
 12178 | D:10     | Found a staircase to the Lair.
 12402 | D:10     | Reached skill level 1 in Shields
 12473 | D:11     | Found a labyrinth entrance.
 12510 | Lab      | Entered a labyrinth
 12754 | Lab      | Noticed a minotaur
 12762 | Lab      | Killed a minotaur
 12762 | Lab      | Reached skill level 3 in Shields
 12944 | Lab      | Got a faintly humming ring mail
 12956 | Lab      | Identified the +6 ring mail of Iffifexa {Str+4 Slay+3 Stlth+} (You found it in a labyrinth)
 13055 | D:11     | Found a staircase to the Orcish Mines.
 13058 | D:11     | Noticed a two-headed ogre
 13071 | D:11     | Killed from afar by an orc priest

Skill      XL: |  1  2  3  4  5  6  7  8  9 10 11 |
---------------+----------------------------------+-----
Spellcasting   | 3 4 5 6 7 9 10 11 | 11.6
Necromancy     | 5 6 7 8 9 10 | 10.4
Earth Magic    | 1 2 3 5 6 7 |  7.4
Evocations     | 3 6 |  6.1
Shields        | 3 |  3.3
Dodging        | |  1.5
Stealth        | |  1.5
Invocations    | |  0.8

Action                   |  1- 3 |  4- 6 |  7- 9 | 10-12 || total
-------------------------+-------+-------+-------+-------++-------
Melee: Unarmed           |     2 |       |       |       ||     2
       Short sword       |    12 |    10 |    79 |       ||   101
       Whip              |       |     4 |       |       ||     4
       Dagger            |       |       |    13 |    48 ||    61
       Staff             |       |       |       |    73 ||    73
 Cast: Pain              |    65 |   125 |   139 |    96 ||   425
       Animate Skeleton  |    14 |    19 |    16 |     4 ||    53
       Vampiric Draining |       |       |    14 |     7 ||    21
       Borgnjor's Vile C |       |       |    22 |    44 ||    66
       Animate Dead      |       |       |    10 |    17 ||    27
Invok: Divine Energy     |       |     1 |       |       ||     1
Evoke: Staff of Olgreb   |       |       |       |    29 ||    29
       Wand              |       |       |       |     1 ||     1
  Use: Scroll            |       |       |    10 |     8 ||    18
 Stab: Sleeping          |       |       |     4 |     4 ||     8
Armor: Robe              |    10 |    16 |    57 |    48 ||   131
       Ring mail         |       |       |       |     8 ||     8
Dodge: Dodged            |    34 |    47 |    78 |   110 ||   269
Block: Buckler           |       |       |       |     3 ||     3
